 Dungeon Crawl Stone Soup version 0.31-a0-744-gbc345e7fcb (webtiles) character file.

Game seed: 11513409980914136609

6372 DocEon the Thaumaturge (level 10, -1/55 HPs)
             Began as a Deep Elf Conjurer on Sept 14, 2023.
             Was an Initiate of Vehumet.
             Shot with an arrow by a centaur warrior (9 damage)
             ... on level 10 of the Dungeon.
             The game lasted 00:21:53 (10418 turns).

DocEon the Thaumaturge (Deep Elf Conjurer)         Turns: 10418, Time: 00:21:54

Health: -1/55      AC:  6    Str:  4    XL:     10   Next: 65%
Magic:  2/30       EV: 18    Int: 28    God:    Vehumet [......]
Gold:   280        SH:  0    Dex: 13    Spells: 11/38 levels left

rFire   . . .        G - +2 dagger (speed)
rCold   . . .        x - orb {*channel}
rNeg    . . .        p - +0 robe of Nihilism {Fly}
rPois   .            A - +0 helmet
rElec   .            h - +0 cloak
rCorr   .            m - +1 pair of gloves
SInv    .            (no boots)
Will    +....        (no amulet)
Stlth   +++          E - +5 ring of evasion
HPRegen 0.29/turn    q - ring of wizardry
MPRegen 0.22/turn

%: wizardry (x1), channel magic (20%)
@: flying
A: no striking features
a: Renounce Religion


You were on level 10 of the Dungeon.
You worshipped Vehumet.
Vehumet was noncommittal.
You visited 2 branches of the dungeon, and saw 11 of its levels.

You collected 542 gold pieces.
You spent 262 gold pieces at shops.

Inventory:

Hand Weapons
 G - a +2 dagger of speed (weapon)
Armour
 h - a +0 cloak (worn)
 m - a +1 pair of gloves (worn)
 p - the +0 robe of Nihilism (worn) {Fly}
   (You bought it in a shop on level 3 of the Dungeon)

   Fly:       It grants you flight.
 x - an orb of energy (worn)
 A - a +0 helmet (worn)
Jewellery
 o - a ring of resist corrosion
 q - a ring of wizardry (right hand)
 t - a ring of see invisible
 E - a +5 ring of evasion (left hand)
Wands
 d - a wand of roots (3)
Scrolls
 j - 2 scrolls of immolation
 u - a scroll of enchant armour
 w - 2 scrolls of poison
 B - a scroll of fog
 F - 3 scrolls of noise
Potions
 a - a potion of invisibility {unknown}
 b - 3 potions of magic
 e - 3 potions of might
 f - 4 potions of ambrosia
 g - a potion of enlightenment
 i - 2 potions of mutation
 k - 2 potions of haste
 n - a potion of resistance
 r - a potion of berserk rage {unknown}
 s - a potion of brilliance {unknown}
 z - a potion of attraction {unknown}
 C - a potion of curing {unknown}


   Skills:
 + Level 2.8 Fighting
 - Level 5.0 Dodging
 - Level 5.0 Stealth
 * Level 14.6 Spellcasting
 * Level 10.6 Conjurations
 - Level 3.0 Hexes
 - Level 3.0 Translocations
 - Level 3.0 Fire Magic


You had 11 spell levels left.
You knew the following spells:

 Your Spells              Type           Power      Damage    Failure   Level
a - Magic Dart            Conj           100%       1d8       1%          1
b - Searing Ray           Conj           100%       2d8       1%          2
c - Flame Wave            Conj/Fire      55%        2d13      2%          4
d - Iskenderun's Mystic   Conj/Tloc      55%        2d12      2%          4
e - Sticky Flame          Conj/Fire      55%        2d7       2%          4
f - Fulminant Prism       Conj/Hex       27%        3d14      2%          4
g - Tukima's Dance        Hex            37%        N/A       3%          3
h - Slow                  Hex            100%       N/A       1%          1
i - Passage of Golubria   Tloc           37%        N/A       9%          4

Your spell library contained the following spells:

 Spells                   Type           Power      Damage    Failure   Level
 Dazzling Flash           Conj/Hex       100%       N/A       1%          3
 Confusing Touch          Hex            37%        N/A       3%          3
 Inner Flame              Hex/Fire       37%        N/A       3%          3
 Sigil of Binding         Hex            37%        N/A       3%          3
 Vampiric Draining        Necr           20%        2d7       9%          3
 Yara's Violent Unravell  Hex/Tmut       14%        3d7       28%         5


Dungeon Overview and Level Annotations

Branches:
Dungeon (10/15)            Temple (1/1) D:6            Lair (0/5) D:10
    Orc: D:9-12

Altars:
Ashenzari
Cheibriados
Dithmenos
Elyvilon
Fedhas
Gozag
Hepliaklqana
Kikubaaqudgha
Nemelex Xobeh
Okawaru
Qazlal
Ru
Sif Muna
Trog
Uskayaw
Vehumet
Wu Jian
Xom
Yredelemnul
Zin
The Shining One

Shops:
D:3 *   D:7 =

Portals:
Bailey: D:10

Annotations:
D:10 Grum


Message History

You hear two shouts!
You hear a bellow! x2
The centaur warrior shoots an arrow.
The arrow hits you!!
Casting: Fulminant Prism (dangerous; 2% risk of failure)
Confirm with . or Enter, or press ? or * to list all spells.
Aiming: Searing Ray (safe; 1% risk of failure)
Press: ? - help, Shift-Dir - straight line, f - centaur warrior
Aim: a centaur warrior, wielding a +0 shortbow (severely wounded, 87% to hit)
The searing ray hits the centaur warrior.
The centaur warrior is severely wounded. (Press . to maintain the ray.)
The centaur warrior shoots an arrow.
The arrow barely misses you.
The searing ray misses the centaur warrior.
The centaur warrior shoots an arrow.
The arrow barely misses you.
The goblin shouts!
The searing ray hits the centaur warrior.
The centaur warrior is severely wounded.
The searing ray hits Grum!
Grum is severely wounded.
The centaur warrior shoots an arrow.
The arrow completely misses you.
The searing ray misses the centaur warrior.
The searing ray hits Grum.
Grum is almost dead.
You finish channelling your searing ray.
The centaur warrior shoots an arrow.
The arrow closely misses you.
The centaur warrior shoots an arrow.
The arrow hits you!!
* * * LOW HITPOINT WARNING * * *
Okay, then.
You feel much better.
The centaur warrior shoots an arrow.
The arrow hits you!!
* * * LOW HITPOINT WARNING * * *
Aiming: Fastroot
Press: ? - help, Shift-Dir - straight line, f - centaur warrior
Aim: a centaur warrior, wielding a +0 shortbow (severely wounded)
The roots erupt in riotous growth!
Roots grab the centaur warrior.
Roots grab Grum.
The grasping roots constrict Grum.
The grasping roots constrict the centaur warrior.
You hear two shouts!
You hear a shout!
The centaur warrior shoots an arrow.
The arrow barely misses you.
The centaur warrior shoots an arrow.
The arrow hits you!
You die...

*************
###********* *****
*,,,,,,,,,,,*
#.#*,,,,,,,* *,,**
*****,,,,,,,*
#@#*,,,**,,* *,,**
*,,,,,,,* #.#*,,,**,,*
*,,**
*.......####.##.,,**,,*
*,,**
#..h..h.####c##.,,**,,*
*,,**
#..g....####g##.,,#*,,*
*,,**
#.......####g##...#*,,*
*,,**
#.......####.##...#.,,*
*,,,,
#.......####........,,*
*,>,,
#.......hc....#.#._.*,*
*,,,,


You could see a centaur warrior (rooted), Grum (rooted) and a goblin.

Vanquished Creatures
  Erolcha (D:9)
  A boulder beetle (D:8)
  A two-headed ogre (D:9)
  A dancing weapon (D:7)
  Jeremiah (D:7)
  A hornet (D:9)
  Grinder (D:6)
  2 wyverns (D:9)
  A steam dragon (D:6)
  Edmund (D:4)
  Duvessa (D:7)
  2 ice beasts (D:7)
  4 wolves (D:10)
  3 centaurs
  2 phantoms
  3 kobold brigands
  Blork the orc (D:4)
  2 bullfrogs (D:7)
  2 scorpions
  12 wights
  Dowan (D:7)
  6 killer bees (D:7)
  A howler monkey (D:9)
  2 electric eels (D:8)
  4 hounds
  4 orc priests
  Crazy Yiuf (D:7)
  5 iguanas
  Ijyb (D:3)
  5 orc wizards
  2 sleepcaps
  Robin (D:4)
  8 adders
  An ufetubus (D:4)
  3 worms
  3 dart slugs
  31 orcs
  7 endoplasms
  5 giant cockroaches
  13 goblins
  11 hobgoblins
  6 jackals
  2 quokkas
  7 ball pythons
  4 bats
  A frilled lizard (D:2)
  18 kobolds
  6 rats
202 creatures vanquished.

Vanquished Creatures (collateral kills)
  A wight (D:9)
1 creature vanquished.

Vanquished Creatures (others)
  2 dancing weapons
  An orc (D:6)
  38 fulminant prisms
41 creatures vanquished.

Grand Total: 244 creatures vanquished

Notes
Turn   | Place    | Note
-------+----------+-------------------------------------------
     0 | D:1      | DocEon the Deep Elf Conjurer began the quest for the Orb.
     0 | D:1      | Reached XP level 1. HP: 10/10 MP: 6/6
   143 | D:1      | Reached XP level 2. HP: 15/15 MP: 0/8
   422 | D:1      | Learned a level 2 spell: Searing Ray
   595 | D:1      | Reached skill level 4 in Spellcasting
  1052 | D:2      | Reached XP level 3. HP: 16/19 MP: 3/10
  1361 | D:2      | Reached skill level 5 in Conjurations
  1424 | D:2      | Found a faded altar of an unknown god.
  1546 | D:2      | Found a basalt altar of Yredelemnul.
  1619 | D:2      | Reached skill level 5 in Spellcasting
  1873 | D:3      | Noticed Ijyb
  1879 | D:3      | Killed Ijyb
  1880 | D:3      | Reached XP level 4. HP: 24/24 MP: 4/13
  1966 | D:3      | Found Vacrey's Assorted Antiques.
  1974 | D:3      | Bought 2 glowing emerald potions for 55 gold pieces
  1974 | D:3      | Bought a scroll labelled ROCYCA ZEGA for 31 gold pieces
  1978 | D:3      | Found a broken altar of Ashenzari.
  2005 | D:3      | Found a basalt altar of Yredelemnul.
  2487 | D:4      | Noticed Blork the orc
  2559 | D:4      | Reached skill level 6 in Spellcasting
  2559 | D:4      | Reached XP level 5. HP: 28/28 MP: 9/15
  2564 | D:4      | Learned a level 4 spell: Flame Wave
  2569 | D:4      | Learned a level 4 spell: Iskenderun's Mystic Blast
  2574 | D:4      | Learned a level 4 spell: Sticky Flame
  2818 | D:4      | Noticed Edmund
  2835 | D:4      | Reached skill level 1 in Translocations
  2840 | D:4      | Killed Edmund
  2841 | D:4      | Reached skill level 1 in Fire Magic
  2841 | D:4      | Reached XP level 6. HP: 15/32 MP: 1/17
  2860 | D:4      | Noticed Robin
  2861 | D:5      | Entered Level 5 of the Dungeon
  2867 | D:6      | Found a hide-covered altar of Uskayaw.
  2951 | D:6      | Found a bloodstained altar of Trog.
  2951 | D:6      | Found a sacrificial altar of Ru.
  2952 | D:6      | Noticed a steam dragon
  2974 | D:6      | Noticed Grinder
  2992 | D:5      | Reached skill level 7 in Spellcasting
  3385 | D:5      | Reached XP level 7. HP: 13/36 MP: 8/20
  3724 | D:5      | Found a glowing golden altar of the Shining One.
  3736 | D:5      | Found a snail-covered altar of Cheibriados.
  3827 | D:5      | Reached skill level 8 in Spellcasting
  4017 | D:5      | Found a glowing silver altar of Zin.
  4017 | D:5      | Noticed an angel
  4122 | D:3      | Bought a crude robe for 176 gold pieces
  4122 | D:3      | Identified the +0 robe of Nihilism {Fly} (You bought it in
                  | a shop on level 3 of the Dungeon)
  4225 | D:4      | You are sucked into a shaft and drop 1 floor!
  4289 | D:4      | Killed Blork the orc
  4506 | D:4      | Learned a level 4 spell: Fulminant Prism
  4635 | D:4      | Killed Robin
  4654 | D:4      | Reached skill level 9 in Spellcasting
  4884 | D:4      | Found an ancient bone altar of Kikubaaqudgha.
  5061 | D:6      | Found a shimmering altar of Xom.
  5070 | D:6      | Reached skill level 1 in Hexes
  5070 | D:6      | Reached XP level 8. HP: 33/41 MP: 14/23
  5383 | D:6      | Found a staircase to the Ecumenical Temple.
  5395 | Temple   | Entered the Ecumenical Temple
  5570 | D:7      | Reached skill level 10 in Spellcasting
  5779 | D:7      | Reached skill level 11 in Spellcasting
  5783 | D:7      | Noticed Dowan
  5803 | D:7      | Found Ozxoduoc's Jewellery Shop.
  6047 | D:7      | Noticed Jeremiah
  6056 | D:7      | Killed Jeremiah
  6057 | D:7      | Reached XP level 9. HP: 28/45 MP: 17/26
  6146 | D:7      | Found a runed translucent door.
  6151 | D:7      | Learned a level 3 spell: Tukima's Dance
  6151 | D:7      | Noticed Crazy Yiuf
  6165 | D:7      | Killed Crazy Yiuf
  6166 | D:7      | Reached skill level 12 in Spellcasting
  6221 | D:7      | Noticed Duvessa
  6225 | D:7      | Killed Dowan
  6228 | D:7      | Killed Duvessa
  7051 | D:6      | Killed Grinder
  7082 | D:6      | Reached skill level 13 in Spellcasting
  7655 | D:8      | Learned a level 1 spell: Slow
  7660 | D:8      | Learned a level 4 spell: Passage of Golubria
  8565 | D:8      | Reached skill level 1 in Fighting
  8654 | D:8      | Noticed a boulder beetle
  8908 | D:8      | Killed a boulder beetle
  8909 | D:8      | Reached XP level 10. HP: 31/52 MP: 0/29
  9094 | D:8      | Found a radiant altar of Vehumet.
  9104 | D:8      | Became a worshipper of Vehumet
  9638 | D:9      | Noticed a two-headed ogre
  9654 | D:9      | Killed a two-headed ogre
  9655 | D:9      | Reached skill level 14 in Spellcasting
  9655 | D:9      | Reached skill level 10 in Conjurations
  9868 | D:9      | Found a stormy altar of Qazlal.
 10117 | D:9      | Noticed Erolcha
 10140 | D:9      | Killed Erolcha
 10269 | D:9      | Reached skill level 5 in Stealth
 10385 | D:10     | Entered Level 10 of the Dungeon
 10386 | D:10     | Found a flagged portal.
 10387 | D:10     | Noticed Grum
 10394 | D:10     | Noticed a centaur warrior
 10395 | D:10     | Found a hazy altar of Hepliaklqana.
 10400 | D:10     | Reached skill level 5 in Dodging
 10418 | D:10     | Shot with an arrow by a centaur warrior

Illustrated notes

Levels and vault maps discovered:
D:1:      dpeg_arrival_tiny_a, layout_loops_ring
D:2:      layout_basic, basic_altar, hellmonk_ecumenical_altar_blasted
D:3:      layout_rooms, cheibrodos_ashenzari_chains, overflow_temple_1_default,
          serial_shops, nicolae_shop_stone, uniq_ijyb
D:4:      layout_basic, kiku_gazebo_garden_becter, uniq_blork_the_orc,
          uniq_robin, uniq_edmund
D:5:      layout_rooms, tso_oasis_becter, zin_angel, cheibrodos_worm_habitat
D:6:      layout_rooms, chequers_temple_overflow_statue_of_worship,
          nicolae_overflow_crystal_walls, minmay_temple_entry_glass, hex_tiny,
          minmay_misc_feat_square, uniq_grinder
D:7:      layout_basic, serial_shops, shop, serial_bayou_pond_e, uniq_jeremiah,
          uniq_duvessa, uniq_crazy_yiuf_cottage
D:8:      layout_cave_pods, mainiacjoe_overflow_alcove_4, nicolae_benzene_ring,
          kennysheep_small_spiral, kennysheep_generic_room_14
D:9:      layout_basic, nicolae_qazlal_style_of_elements,
          hangedman_decor_opposing, uniq_erolcha
D:10:     minmay_the_grid_3x2 [minmay_the_grid_stretched_grid,
          minmay_the_grid_small_cups, minmay_the_grid_minigrid_medium,
          minmay_the_grid_minigrid_small_alt, minmay_the_grid_outer_circle,
          minmay_the_grid_prize_trominoes], layout_long_grid,
          mainiacjoe_overflow_tiny_flanked, kennysheep_little_box,
          grunt_lair_entry_orc_guard_hut, enter_bailey_3, uniq_grum
Temple:   hellmonk_temple_rainy

Skill      XL: |  1  2  3  4  5  6  7  8  9 10 |
---------------+-------------------------------+-----
Spellcasting   | 4 5 6 7 9 11 13 14 | 14.6
Conjurations   | 5 6 8 9 10 | 10.6
Translocations | 1 2 3 |  3.0
Fire Magic     | 1 2 3 |  3.0
Hexes          | 1 3 |  3.0
Stealth        | 3 5 |  5.0
Dodging        | 3 5 |  5.0
Fighting       | 1 2 |  2.8

Action                     |  1- 3 |  4- 6 |  7- 9 | 10-12 || total
---------------------------+-------+-------+-------+-------++-------
  Melee: Unarmed           |     2 |       |       |       ||     2
         Dagger            |       |       |     1 |       ||     1
   Cast: Magic Dart        |    88 |    88 |   152 |    33 ||   361
         Searing Ray       |     1 |    12 |    34 |     6 ||    53
         Iskenderun's Myst |       |     3 |    10 |     8 ||    21
         Sticky Flame      |       |     1 |     1 |     1 ||     3
         Fulminant Prism   |       |       |    27 |    11 ||    38
         Flame Wave        |       |       |     1 |       ||     1
         Tukima's Dance    |       |       |     5 |    10 ||    15
         Slow              |       |       |     1 |       ||     1
  Evoke: Wand              |       |       |     2 |     2 ||     4
    Use: Scroll            |     4 |     2 |     6 |     5 ||    17
         Potion            |       |     2 |     3 |     2 ||     7
 Armour: Robe              |     2 |    39 |    64 |     8 ||   113
  Dodge: Dodged            |     5 |    23 |    68 |    18 ||   114

Table legend: (Time is in decaauts)
 A = Elapsed time spent in this place.
 B = Non-inter-level travel time spent in this place.
 C = Inter-level travel time spent in this place.
 D = Time resting spent in this place.
 E = Time spent auto-exploring this place.
 F = Levels seen in this place.
 G = Mean time per level.
                   A        B        C        D        E       F      G
               +--------+--------+--------+--------+--------+-----+--------+
         Total |  10447 |   9856 |    591 |   2624 |   5692 |  11 |  949.7 |
       Dungeon |  10437 |   9850 |    587 |   2624 |   5692 |  10 | 1043.7 |
        Temple |      9 |      5 |      4 |      0 |      0 |   1 |    9.0 |
               +--------+--------+--------+--------+--------+-----+--------+

Top non-repeatable levels by time:
     D:7: 1692 daAuts
     D:8: 1583 daAuts
     D:5: 1366 daAuts
     D:4: 1122 daAuts
     D:9: 1103 daAuts
     D:1: 1044 daAuts
     D:6: 956 daAuts
     D:3: 786 daAuts
     D:2: 749 daAuts
    D:10: 32 daAuts
  Temple: 9 daAuts
